 Dungeon Crawl Stone Soup version 0.31.0-11-ge490571c62 (webtiles) character file.

Game seed: 6295808095437179740

263 qw the Skirmisher (level 5, -1/30 HPs)
             Began as a Deep Elf Hunter on Feb 5, 2024.
             Slain by a scorpion (3 damage)
             ... on level 4 of the Dungeon.
             The game lasted 00:01:33 (2460 turns).

qw the Skirmisher (Deep Elf Hunter)                 Turns: 2460, Time: 00:01:34

Health: -1/30      AC:  8    Str: 10    XL:     5   Next: 98%
Magic:  7/7        EV: 14    Int: 14    God:
Gold:   70         SH:  0    Dex: 18    Spells: 4/4 levels left

rFire   + . .        a - +0 shortbow
rCold   . . .        (shield currently unavailable)
rNeg    . . .        d - +0 scale mail of Day {+Blink rF+}
rPois   .            h - +0 helmet
rElec   .            (no cloak)
rCorr   .            j - +0 pair of gloves
SInv    .            (no boots)
Will    .....        (no amulet)
Stlth   +            b - +5 ring of evasion
HPRegen 0.25/turn    (no ring)
MPRegen 0.10/turn

%: no passive effects
@: lethally poisoned (-1 -> -8)
A: no striking features
a: Evoke Blink


You were on level 4 of the Dungeon.
You visited 1 branch of the dungeon, and saw 4 of its levels.
You also visited: Sewer.

You collected 119 gold pieces.
You spent 49 gold pieces at shops.


   Skills:
 - Level 2.0 Fighting
 + Level 9.1 Ranged Weapons
 - Level 1.0 Armour
 - Level 2.4 Dodging
 - Level 1.2 Stealth


You had 4 spell levels left.
You didn't know any spells.
Your spell library was empty.

Inventory:

Hand Weapons
 a - a +0 shortbow (weapon)
Armour
 c - a +0 ring mail
 d - the +0 scale mail of Day (worn) {+Blink rF+}
   (You found it on level 3 of the Dungeon)

   rF+:       It protects you from fire.
   +Blink:    It lets you blink.
 h - a +0 helmet (worn)
 j - a +0 pair of gloves (worn)
Jewellery
 b - a +5 ring of evasion (left hand)
Scrolls
 l - a scroll of poison {unknown}
Potions
 e - a potion of mutation {unknown}
 f - 2 potions of curing
 g - a potion of enlightenment {unknown}
 i - 4 potions of haste
 k - a potion of might
 m - a potion of magic {unknown}

Dungeon Overview and Level Annotations

Branches:
Dungeon (4/15)              Sewer (visited)
 Temple: D:4-7

Altars:

Shops:
D:2 [

Annotations:
D:3 3 runed translucent doors, qw's ghost, amateur DEHu; qw's ghost, amateur SpHu


Message History

The arrow hits the scorpion but does no damage.
You shoot an arrow. The arrow hits the scorpion.
The scorpion is lightly wounded.
You shoot an arrow. The arrow hits the scorpion.
The scorpion is lightly wounded.
You shoot an arrow.
The arrow hits the scorpion but does no damage.
The scorpion is lightly wounded.
The scorpion stings you but does no damage.
You shoot an arrow. The arrow barely misses the scorpion.
The scorpion misses you.
You shoot an arrow. The arrow hits the scorpion.
The scorpion is moderately wounded.
The scorpion closely misses you. The scorpion stings you.
You are poisoned.
The scorpion poisons you!
You shoot an arrow.
The arrow hits the scorpion but does no damage.
The scorpion is moderately wounded.
You feel very sick.
The scorpion stings you but does no damage.
You shoot an arrow. The arrow hits the scorpion.
The scorpion is heavily wounded.
You feel sick. The scorpion stings you. x2
You shoot an arrow. The arrow closely misses the scorpion.
You feel sick. The scorpion stings you.
You shoot an arrow.
The arrow hits the scorpion but does no damage.
The scorpion is heavily wounded.
You feel sick. The scorpion barely misses you. The scorpion stings you.
You are lethally poisoned!
The scorpion poisons you!
You shoot an arrow. The arrow closely misses the scorpion.
You feel very sick. The scorpion misses you.
You shoot an arrow.
The arrow completely misses the scorpion.
You feel very sick. The scorpion stings you.
You die...

#. #.# ##.# ##.#
......#.# ... ..# .#
.....# ...##.#.#
#..:.s?####### #..
#@#...... #..
#....?...
.###..###.#......
..........#######...#
#####...### #....
###.# #...# #.# #...#
#.# #...#
########.#########...#


You could see a scorpion.

Vanquished Creatures
  A hound (D:3)
  7 adders
  5 river rats
  3 dart slugs
  2 ribbon worms
  6 orcs (D:3)
  9 ball pythons
  3 endoplasms
  8 giant cockroaches
  3 goblins (D:1)
  7 hobgoblins
  6 jackals (D:1)
  2 quokkas (D:3)
  6 bats
  2 frilled lizards
  22 kobolds
  23 rats
115 creatures vanquished.

Notes
Turn   | Place    | Note
-------+----------+-------------------------------------------
     0 | D:1      | qw the Deep Elf Hunter began the quest for the Orb.
     0 | D:1      | Reached XP level 1. HP: 12/12 MP: 3/3
     0 | D:1      | 0 ||| qw: Version: 0.3-a-160-g6735b56
     0 | D:1      | 0 ||| qw: Game counter: 6325
     0 | D:1      | 0 ||| qw: Melee chars always use a shield: true
     0 | D:1      | 0 ||| qw: God list: Okawaru
     0 | D:1      | 0 ||| qw: Allow faded altars: false
     0 | D:1      | 0 ||| qw: Do Orc after clearing Dungeon:15 true
     0 | D:1      | 0 ||| qw: Do second Lair branch before Depths: true
     0 | D:1      | 0 ||| qw: Lair rune preference: random
     0 | D:1      | 0 ||| qw: Goals: Normal
     0 | D:1      | 0 ||| PLANNING D:1-11
   102 | D:1      | Reached skill level 6 in Ranged Weapons
   102 | D:1      | Reached XP level 2. HP: 16/16 MP: 4/4
   199 | D:1      | 199 ||| RETREEEEATING.
   314 | D:1      | Reached XP level 3. HP: 20/20 MP: 5/5
   361 | D:1      | Found a faded altar of an unknown god.
   450 | D:1      | 450 ||| READING 3 scrolls labelled GOEMOH DUTYLL.
   450 | D:1      | 450 ||| IDENTIFYING fizzy orange potion
   451 | D:1      | 451 ||| READING 2 scrolls of identify.
   451 | D:1      | 451 ||| IDENTIFYING sapphire potion
   452 | D:1      | 452 ||| DROPPING scroll of butterflies.
   547 | D:2      | Reached skill level 7 in Ranged Weapons
   818 | D:2      | Found Tianofal's Armour Shoppe.
   825 | D:2      | 825 ||| BUYING +0 helmet (49 gold).
   825 | D:2      | Bought a +0 helmet for 49 gold pieces
   825 | D:2      | 825 ||| SHOPLISTING +0 pair of boots (49 gold, have 4).
   825 | D:2      | 825 ||| SHOPLISTING +0 scale mail (44 gold, have 4).
  1026 | D:2      | 1026 ||| UPGRADING to +0 helmet.
  1031 | D:2      | 1031 ||| UPGRADING to +0 pair of gloves.
  1036 | D:2      | 1036 ||| UPGRADING to +5 ring of evasion.
  1037 | D:2      | 1037 ||| READING scroll of identify.
  1037 | D:2      | 1037 ||| IDENTIFYING amethyst potion
  1038 | D:2      | 1038 ||| DROPPING potion of lignification.
  1081 | D:3      | 1081 ||| PLANNING SEWER
  1096 | D:3      | Reached XP level 4. HP: 25/25 MP: 6/6
  1114 | D:3      | 1114 ||| FLEEEEING.
  1115 | D:3      | 1115 ||| FLEEEEING.
  1156 | D:3      | Identified the +0 scale mail of Day {+Blink rF+}
  1167 | D:3      | Found a runed translucent gate.
  1168 | D:3      | Found a runed translucent gate.
  1168 | D:3      | Found a runed translucent gate.
  1171 | D:3      | Noticed qw's ghost (amateur DEHu)
  1171 | D:3      | Noticed qw's ghost (amateur SpHu)
  1212 | D:3      | Reached skill level 8 in Ranged Weapons
  1227 | D:3      | Reached XP level 5. HP: 29/29 MP: 7/7
  1714 | D:3      | Found a glowing drain.
  1720 | D:3      | 1720 ||| UPGRADING to +0 scale mail of Day {+Blink rF+}.
  1730 | D:3      | 1730 ||| DROPPING +0 leather armour.
  1731 | D:3      | 1731 ||| READING 2 scrolls labelled BOXOOR DITERCH.
  1821 | Sewer    | Entered a sewer
  1914 | Sewer    | Reached skill level 1 in Armour
  1982 | Sewer    | HP: 6/29 [river rat (3)]
  1983 | Sewer    | 1983 ||| READING scroll of teleportation.
  1984 | Sewer    | 1984 ||| DRINKING potion of heal wounds.
  2025 | Sewer    | Reached skill level 9 in Ranged Weapons
  2069 | Sewer    | 2069 ||| READING scroll of identify.
  2069 | Sewer    | 2069 ||| IDENTIFYING bubbling cyan potion
  2186 | Sewer    | 2186 ||| READING scroll of identify.
  2186 | Sewer    | 2186 ||| IDENTIFYING lumpy black potion
  2187 | Sewer    | 2187 ||| READING scroll labelled HOECWA TARROXI.
  2188 | Sewer    | 2188 ||| DRINKING 2 silvery potions.
  2189 | Sewer    | 2189 ||| DROPPING potion of berserk rage.
  2250 | Sewer    | 2250 ||| READING 3 scrolls labelled LEPNUPN XEMADI.
  2251 | Sewer    | 2251 ||| DROPPING 2 scrolls of immolation.
  2252 | Sewer    | 2252 ||| Stepping randomly (stuck).
  2290 | D:3      | 2290 ||| PLANNING D:1-11
  2459 | D:4      | HP: 5/30 [poisoned by a scorpion]
  2460 | D:4      | HP: 2/30 [poisoned by a scorpion]
  2460 | D:4      | Slain by a scorpion

Levels and vault maps discovered:
D:1:      scummos_arrival_gate, layout_rooms, dreamdust_ecumenical_altar_grove
D:2:      layout_basic, serial_shops, shop
D:3:      layout_loops_ring, serial_glass, glass_columns_a, glass_columns_c,
          portal_sewer_entry_e, gammafunk_ghost_cemetery
D:4:      layout_loops_cross, uniq_duvessa

Skill      XL: |  1  2  3  4  5 |
---------------+----------------+-----
Ranged Weapons | 6 7 8 9 |  9.1
Armour         | 1 |  1.0
Fighting       | 2 |  2.0
Dodging        | |  2.4
Stealth        | |  1.2

Action                     |  1- 3 |  4- 6 || total
---------------------------+-------+-------++-------
   Fire: Shortbow          |   126 |   186 ||   312
    Use: Scroll            |     3 |     6 ||     9
         Potion            |       |     2 ||     2
 Armour: Leather armour    |    37 |     4 ||    41
         Scale mail        |       |    62 ||    62
  Dodge: Dodged            |    40 |    95 ||   135

Table legend:
 A = Non-vault XP
 B = Vault XP
 C = Vault XP percentage of total XP
 D = Non-vault monster count
 E = Vault monster count
 F = Vault count percentage of total count
                 A         B        C        D         E       F
            +---------+---------+-------+---------+---------+-------
      Total |     236 |     141 |  37.4 |      71 |      44 |  38.3
            +---------+---------+-------+---------+---------+-------
        D:1 |      54 |       0 |   0.0 |      30 |       0 |   0.0
        D:2 |      31 |       0 |   0.0 |      11 |       0 |   0.0
        D:3 |     142 |      36 |  20.2 |      26 |       8 |  23.5
        D:4 |       9 |       0 |   0.0 |       4 |       0 |   0.0
      Sewer |       0 |     105 | 100.0 |       0 |      36 | 100.0
            +---------+---------+-------+---------+---------+-------
